 Dungeon Crawl Stone Soup version 0.17-a0-737-gf0a300a (webtiles) character file.

27115 Ololoev the Grappler (level 13, -5/108 HPs)
             Began as a Ghoul Warper on Apr 29, 2015.
             Was the Champion of Makhleb.
             Slain by an alligator (17 damage)
             ... on level 1 of the Swamp.
             The game lasted 01:06:57 (16081 turns).

Ololoev the Grappler (Ghoul Warper)                Turns: 16081, Time: 01:06:57

Health: -5/108     AC: 17    Str: 22    XL:     13   Next: 30%
Magic:  18/18      EV: 13    Int:  6    God:    Makhleb [******]
Gold:   263        SH:  0    Dex:  9    Spells: 1 memorised, 14 levels left

rFire  + + .     SeeInvis .       - Unarmed
rCold  + . .     Clarity  .     A - +3 ring mail {rF+}
rNeg   + + +     SustAb   .     (no shield)
rPois  ∞         Gourm    .     y - +0 helmet
rElec  .         Spirit   .     o - +0 cloak
rCorr  .         Warding  .     z - +2 pair of gloves {Str+3}
rMut   .         Stasis   .     f - +0 pair of boots
MR     .....                    F - amulet of faith
Stlth  ..........               k - ring of flight
                                i - ring of protection from fire

@: very slightly contaminated, rotting, invisible, not resistant to hostile
enchantments, extremely unstealthy
A: rotting body, claws 1, carnivore 3, cold resistance 1, dopey 1, negative
energy resistance 3, slow healing 1, torment resistance, unbreathing
a: Minor Destruction, Lesser Servant of Makhleb, Major Destruction, Greater
Servant of Makhleb, Renounce Religion, Evoke Flight


Innate Abilities, Weirdness & Mutations

Your body is rotting away.
You thrive on raw meat.
You are immune to poison.
You have sharp fingernails.
You are carnivorous and can eat meat at any time.
Your flesh is cold resistant.
You are dopey. (Int -2)
You are immune to negative energy.
You heal slowly when monsters are visible.
You are immune to unholy pain and torment.
You can survive without breathing.

Inventory:

Missiles
 d - a tomahawk of dispersal (quivered)
Armour
 f - a +0 pair of boots (worn)
 o - a +0 cloak (worn)
 y - a +0 helmet (worn)
 z - a +2 pair of gloves of strength (worn)
 A - a +3 ring mail of fire resistance (worn)
Rods
 b - a +5 rod of destruction (14/14)
   (You bought it in a shop on level 4 of the Dungeon)
Jewellery
 i - a ring of protection from fire (left hand)
 j - an uncursed ring of ice
 k - a ring of flight (right hand)
 E - an uncursed ring of stealth {unknown}
 F - an amulet of faith (around neck)
Magical devices
 a - a wand of fire (8)
 C - a wand of fireball (2)
Scrolls
 c - 2 scrolls of blinking
 g - 4 scrolls of teleportation
 h - 2 scrolls of identify
 m - 3 scrolls of remove curse
 t - a scroll of fog
 w - a scroll of magic mapping
 x - a scroll of fear
Potions
 p - 3 potions of heal wounds
 r - a potion of resistance
 s - 2 potions of cancellation
 v - 6 potions of curing
 D - 5 potions of restore abilities
Comestibles
 e - 4 meat rations
 l - 8 royal jellies
 n - 2 chunks of flesh
 q - 5 beef jerkies
 u - 2 slices of pizza


   Skills:
 + Level 8.3 Fighting
 - Level 2.2 Throwing
 - Level 9.4 Armour
 + Level 6.6 Dodging
 + Level 14.4 Unarmed Combat
 - Level 1.7 Spellcasting
 - Level 2.6 Translocations
 - Level 9.3 Evocations


You had 14 spell levels left.
You knew the following spells:

 Your Spells              Type           Power        Failure   Level  Hunger
a - Apportation           Tloc           #.........   21%         1    ##.....


You were on level 1 of the Swamp.
You worshipped Makhleb.
Makhleb was exalted by your worship.
You were not hungry.

You visited 4 branches of the dungeon, and saw 18 of its levels.
You also visited: Volcano.

You collected 1854 gold pieces.
You spent 1591 gold pieces at shops.

♣♣♣≈...≈♣≈...≈ ♣♣♣♣♣♣
♣^...≈.♣♣.[.≈≈ ♣♣♣.≈≈≈♣♣
♣.≈≈..♣♣≈.≈≈≈.
≈...≈≈≈≈≈♣♣♣♣..≈♣♣♣§.≈≈≈.
≈≈≈≈≈≈≈≈.≈.≈.≈.≈≈.≈.......
.≈≈≈≈≈≈≈..♣≈≈..♣..≈≈≈......
.≈≈≈≈≈≈..♣♣....≈....♣♣♣♣♣≈.
.≈≈≈≈≈≈≈.♣♣♣...≈≈♣♣≈♣♣♣.≈♣÷
≈≈≈≈≈≈≈≈≈..@.≈≈≈.♣♣♣♣♣♣..♣≈♣
≈≈≈≈≈≈≈≈≈.t..≈≈..♣ ♣.≈♣..
≈≈≈≈≈≈≈≈..≈≈§..^.♣♣♣♣♣♣≈..≈≈
≈≈≈.!≈..♣♣♣♣≈....≈♣≈.≈≈≈...
.≈≈≈...♣♣ ♣≈.≈≈≈.♣..≈≈....
♣≈≈≈≈$. ♣♣.≈≈≈.≈..≈....♣
.≈...♣ ♣.≈§≈......♣♣♣♣ ...≈
♣♣...≈≈≈..≈≈♣ ♣≈♣
♣♣..≈≈≈...♣♣

Notes
Turn   | Place    | Note
--------------------------------------------------------------
     0 | D:1      | Ololoev, the Ghoul Warper, began the quest for the Orb.
     0 | D:1      | Reached XP level 1. HP: 17/17 MP: 2/2
   134 | D:1      | Reached skill level 1 in Throwing
   168 | D:1      | Reached XP level 2. HP: 12/24 MP: 3/3
   247 | D:1      | Reached skill level 3 in Unarmed Combat
   752 | D:2      | Reached XP level 3. HP: 25/29 MP: 4/4
   927 | D:2      | Found a blossoming altar of Fedhas.
   975 | D:2      | Reached skill level 4 in Unarmed Combat
  1041 | D:2      | Reached XP level 4. HP: 35/35 MP: 5/5
  1800 | D:3      | Found an iron altar of Okawaru.
  1817 | D:3      | Reached XP level 5. HP: 41/41 MP: 6/6
  1935 | D:3      | Reached skill level 5 in Unarmed Combat
  2585 | D:4      | Found Kosh's Antique Weapon Shop.
  2628 | D:4      | Found a white marble altar of Elyvilon.
  2672 | D:4      | Found Qaneronu's Gadget Boutique.
  2731 | D:4      | Noticed an ogre
  2738 | D:4      | Killed an ogre
  2738 | D:4      | Reached skill level 6 in Unarmed Combat
  2738 | D:4      | Reached XP level 6. HP: 17/48 MP: 7/7
  2934 | D:4      | Found Hatiateyrph's Food Shoppe.
  3114 | D:4      | Found a sacrificial altar of Ru.
  3119 | D:4      | Became a worshipper of Ru the Awakened
  3160 | D:4      | Noticed Crazy Yiuf
  3171 | D:4      | Killed Crazy Yiuf
  3171 | D:4      | Reached skill level 1 in Armour
  3204 | D:4      | Found an opulent altar of Gozag.
  3230 | D:4      | Reached skill level 7 in Unarmed Combat
  3508 | D:5      | Entered Level 5 of the Dungeon
  3548 | D:5      | Reached XP level 7. HP: 48/54 MP: 8/8
  4106 | D:5      | Reached skill level 8 in Unarmed Combat
  4233 | D:5      | Reached XP level 8. HP: 3/61 MP: 9/9
  4546 | D:5      | Found an ancient bone altar of Kikubaaqudgha.
  4861 | D:5      | Gained mutation: You are dopey. (Int -2) [Ru sacrifice]
  5065 | D:5      | Reached skill level 9 in Unarmed Combat
  5188 | D:6      | Reached skill level 5 in Armour
  5288 | D:6      | Noticed Pikel
  5298 | D:6      | Killed Pikel
  5298 | D:6      | Reached skill level 10 in Unarmed Combat
  5298 | D:6      | Reached XP level 9. HP: 56/67 MP: 10/10
  5336 | D:6      | Found a glowing silver altar of Zin.
  5344 | D:6      | Noticed Prince Ribbit
  5390 | D:6      | Found a staircase to the Ecumenical Temple.
  5444 | D:6      | Noticed Dowan
  5445 | D:6      | Noticed Duvessa
  5468 | D:6      | Killed Duvessa
  5468 | D:6      | Reached skill level 1 in Evocations
  5474 | D:6      | Killed Dowan
  5552 | D:6      | Found a sparkling altar of Nemelex Xobeh.
  5998 | D:6      | Killed Prince Ribbit
  6468 | D:7      | Found a burning altar of Makhleb.
  6469 | D:7      | Fell from the grace of Ru
  6469 | D:7      | Became a worshipper of Makhleb the Destroyer
  6518 | D:7      | Found a shimmering altar of Xom.
  6627 | D:7      | Found a deep blue altar of Sif Muna.
  7342 | D:7      | Reached XP level 10. HP: 73/73 MP: 12/12
  7388 | D:8      | Acquired Makhleb's first power
  7491 | D:8      | Reached skill level 11 in Unarmed Combat
  7687 | D:8      | Reached skill level 5 in Evocations
  7818 | D:8      | Found a staircase to the Lair.
  7895 | D:8      | Noticed a fire drake
  7900 | D:8      | Killed a fire drake
  7912 | D:8      | Noticed a centaur warrior
  7930 | D:8      | Killed a centaur warrior
  8061 | D:9      | Found a shadowy altar of Dithmenos.
  8077 | D:9      | Acquired Makhleb's second power
  8106 | D:9      | Found a bloodstained altar of Trog.
  8664 | D:9      | Acquired Makhleb's third power
  8788 | D:9      | Reached XP level 11. HP: 53/79 MP: 15/15
  9337 | D:9      | Reached skill level 12 in Unarmed Combat
  9516 | D:10     | Entered Level 10 of the Dungeon
  9672 | D:10     | Acquired Makhleb's fourth power
  9811 | D:10     | Noticed spakman's ghost (experienced TrCK)
  9825 | D:10     | Killed spakman's ghost
  9950 | D:10     | Noticed Erica
 10054 | D:10     | Killed an unseen horror
 10388 | D:11     | Found a staircase to the Orcish Mines.
 10424 | Orc:1    | Entered Level 1 of the Orcish Mines
 10492 | Orc:1    | Found a dark tunnel.
 10529 | Volcano  | Entered a volcano
 10563 | Volcano  | Acquired Makhleb's fifth power
 11220 | Orc:1    | Found Tyczau's Weapon Emporium.
 11425 | Orc:2    | Found Isha's Antique Armour Shop.
 11947 | Orc:3    | Noticed Nergalle
 11964 | Orc:3    | Killed Nergalle
 11964 | Orc:3    | Reached XP level 12. HP: 87/89 MP: 17/17
 12000 | Orc:3    | Found Lojerphyt's Antique Weapon Emporium.
 12129 | Orc:3    | Found a staircase to the Elven Halls.
 12358 | Orc:2    | Noticed an orc warlord
 12444 | Orc:3    | Reached skill level 13 in Unarmed Combat
 12766 | D:4      | Bought a +5 rod of destruction (14/14) for 1591 gold pieces
 12932 | Lair:1   | Entered Level 1 of the Lair of Beasts
 13393 | Lair:1   | Noticed Grum
 13403 | Lair:1   | Killed Grum
 13434 | Lair:1   | Reached skill level 5 in Fighting
 14060 | Lair:2   | Reached skill level 5 in Dodging
 14559 | Lair:2   | Reached skill level 14 in Unarmed Combat
 14637 | Lair:2   | Reached XP level 13. HP: 82/104 MP: 18/18
 14902 | Lair:3   | Found a staircase to the Snake Pit.
 15044 | Lair:3   | Found an ancient bone altar of Kikubaaqudgha.
 15119 | Lair:3   | Noticed Fannar
 15158 | Lair:3   | Killed Fannar
 15175 | Lair:3   | Found a staircase to the Swamp.
 15643 | Swamp:1  | Entered Level 1 of the Swamp
 15958 | Swamp:1  | Got a steaming scale mail
 15969 | Swamp:1  | Identified the +2 scale mail of Fortification {rElec rC- rN+ Int-5} (You found it on level 1 of the Swamp)
 16081 | Swamp:1  | Slain by an alligator

Dungeon Overview and Level Annotations

Branches:
Dungeon (11/15)            Temple (0/1) D:6            Lair (3/8) D:8
  Swamp (1/5) Lair:3        Snake (0/5) Lair:3          Orc (3/4) D:11
    Elf (0/3) Orc:3

Altars:
Dithmenos
Elyvilon
Fedhas
Gozag
Kikubaaqudgha
Makhleb
Nemelex Xobeh
Okawaru
Ru
Sif Muna
Trog
Xom
Zin

Shops:
D:4 }(%   Orc:1 (   Orc:2 [   Orc:3 (

Annotations:
D:10 Erica


Message History

You punch the slime creature, but do no damage.
The slime creature is severely wounded.
The alligator is engulfed in noxious fumes.
The alligator appears confused.
You pummel the slime creature!!
You kill the slime creature!
Makhleb accepts your kill.
You feel a little better.
The swamp drake breathes noxious fumes at you.
The noxious blast misses you.
The alligator bites the swamp drake!
The alligator tail-slaps the swamp drake!
The alligator bites the swamp drake!
The swamp drake dies!
You enter the shallow water.
Moving in this stuff is going to be slow.
The alligator seems less confused.
The alligator bites you!! The alligator tail-slaps you.
Your unstable footing causes you to fumble your attack.
The alligator bites you!!
The alligator tail-slaps you but does no damage.
The alligator barely misses you. The alligator tail-slaps you!
Drink which item? (? for menu, Esc to quit)
You can't drink that!
Drink which item? (? for menu, Esc to quit)
You fade into invisibility!
The alligator bites you. The alligator misses you.
You are very lightly contaminated with residual magic.
You barely miss the alligator. The alligator barely misses you.
The alligator closely misses you.
You miss the alligator.
The alligator bites you but does no damage.
The alligator completely misses you.
You punch the alligator!
The alligator is moderately wounded.
The alligator misses you. x2
You closely miss the alligator.
The alligator is moderately wounded.
The alligator bites you!! The alligator barely misses you.
The alligator bites you!
You die...

You could see an alligator.

Vanquished Creatures
  Fannar (Lair:3)
  A centaur warrior (D:8)
  Nergalle (Orc:3)
  The ghost of spakman the Grappler, an experienced TrCK of Cheibriados (D:10)
  An unseen horror (D:10)
  Pikel (D:6)
  An orc sorcerer (Orc:3)
  A griffon (Lair:2)
  3 toenail golems (Volcano)
  7 spiny frogs
  2 black mambas
  3 komodo dragons
  4 trolls
  A fire drake (D:8)
  A queen bee (D:9)
  Prince Ribbit (D:6)
  A two-headed ogre (D:10)
  8 slime creatures
  15 yaks (Lair:2)
  6 humans (Volcano)
  Grum (Lair:1)
  A basilisk (Lair:2)
  A steam dragon (D:11)
  3 wargs
  6 wolves (Lair:1)
  7 hippogriffs
  6 insubstantial wisps (Swamp:1)
  8 water moccasins
  2 phantoms
  Duvessa (D:6)
  A wasp (D:9)
  6 porcupines
  A necrophage (D:7)
  2 slaves (D:6)
  2 black bears
  7 orc warriors
  7 ogres
  8 crocodiles
  4 ice beasts
  A big kobold (D:10)
  8 centaurs
  6 giant frogs
  Dowan (D:6)
  3 scorpions
  22 killer bees
  3 wights (D:7)
  A vampire bat (D:5)
  An electric eel (Orc:3)
  A wasp zombie (D:10)
  8 crimson imps
  5 hounds
  2 giant frog zombies
  Crazy Yiuf (D:4)
  3 centaur skeletons
  A jelly (D:6)
  11 orc priests
  A giant frog skeleton (D:4)
  12 orc wizards
  8 iguanas
  5 worker ants
  2 hound skeletons
  2 worker ant zombies
  50 river rats
  12 adders
  7 gnolls
  An ooze (D:4)
  A worm (D:3)
  2 giant geckos
  73 orcs
  2 ball pythons
  2 bat skeletons (D:5)
  2 bat zombies (D:5)
  10 giant cockroaches
  10 hobgoblins
  6 jackals
  11 kobolds
  3 quokkas
  11 bats
  4 giant newts
  A giant spore (D:11)
  15 goblins
  17 rats
  A ballistomycete (D:11)
483 creatures vanquished.

Vanquished Creatures (others)
  A bog body (Swamp:1)
  A slave (D:6)
  A swamp drake (Swamp:1)
  An orc (Orc:2)
  A bush (D:5)
5 creatures vanquished.

Grand Total: 488 creatures vanquished

Action                   |  1- 3 |  4- 6 |  7- 9 | 10-12 | 13-15 || total
-------------------------+-------+-------+-------+-------+-------++-------
Melee: Unarmed           |   116 |   181 |   466 |  1285 |   267 ||  2315
Throw: Tomahawk          |       |     1 |     3 |       |       ||     4
Invok: Sacrifice Purity  |       |       |     1 |       |       ||     1
Evoke: Wand              |       |       |     3 |     3 |       ||     6
       Deck              |       |       |       |     5 |       ||     5
       Rod               |       |       |       |    18 |       ||    18
  Use: Potion            |       |     5 |     1 |     6 |     2 ||    14
       Scroll            |       |       |    13 |    15 |     2 ||    30
 Stab: Sleeping          |       |     1 |       |       |       ||     1
  Eat: Chunk             |    12 |    15 |    26 |   104 |    14 ||   171
       Meat ration       |       |       |       |     1 |       ||     1

Vault maps used:
D:1:      minmay_arrival_plants_in_alcoves, st_stairs_13
D:2:      nicolae_overflow_crystal_walls, first_bread, grunt_ministairs_11
D:3:      okawaru_ov_weapons_minmay
D:4:      kennysheep_mini, lemuel_crystal_altar, lemuel_doored_altar,
          serial_shops, shop, shop, shop, minmay_tree_intersection,
          uniq_crazy_yiuf_cottage
D:5:      kennysheep_vampire_church, kb_lookout_dungeons_type
D:6:      nemelex_deck, basic_altar, uniq_prince_ribbit1, uniq_pikel,
          uniq_duvessa
D:7:      lemuel_ice_spiral_2, lemuel_round_altar, kennysheep_little_box,
          makhleb_blood_cavern_becter, kennysheep_small_square
D:8:      minmay_lair_entry_lava
D:9:      grunt_temple_overflow_open, serial_co_window_serial,
          co_window_corner_a, co_window_cross_1, co_window_paths_a,
          co_window_corner_a, co_window_paths_a, co_window_paths_a,
          co_window_broadway_c, co_window_cross_4, co_window_unsneaky_path_e,
          co_window_unsneaky_path_d, david_nohive_1
D:10:     kennysheep_crisscross, kennysheep_doodads, uniq_erica
D:11:     minmay_orc_entry_guard_dogs, spider_trap, st_stairs_13,
          lemuel_hellish_altar, uniq_josephine
Lair:1:   st_stairs_3, minivault_24, beast_lair_carwin_4, grunt_megastairs_2,
          uniq_grum
Lair:3:   swamp_mist_pool, dummy_snake_entry, basic_altar, lemuel_old_faithful,
          uniq_fannar
Swamp:1:  nicolae_swamp_fairy_circle
Orc:1:    serial_shops, nicolae_shop_waterfront, enter_volcano_4
Orc:2:    serial_shops, shop
Orc:3:    serial_shops, nicolae_shop_trees, nicolae_orc_pool_cavern,
          nicolae_orc_flooded_monolith, uniq_nergalle
Volcano:  volcano_bunker
